 Dungeon Crawl Stone Soup version 0.31-a0-325-g067879e3d3 (webtiles) character file.

Game seed: 6771099883942462819

83182 greasedhog the Marksgargoyle (level 15, -14/86 HPs)
             Began as a Gargoyle Hexslinger on July 19, 2023.
             Was the Champion of Hepliaklqana.
             Demolished by a quicksilver ooze (21 damage)
             ... in an ice cave.
             The game lasted 00:37:29 (21739 turns).

greasedhog the Marksgargoyle (Gargoyle Hexslinger) Turns: 21739, Time: 00:37:30

Health: -14/86     AC: 26    Str: 15    XL:     15   Next: 76%
Magic:  1/5        EV: 17    Int: 18    God:    Hepliaklqana [******]
Gold:   1993       SH:  9    Dex: 18    Spells: 9/16 levels left

rFire   . . .        b - +5 hand crossbow "Ucreat" {antimagic, rPois Str+5}
rCold   + + +        k - +0 buckler
rNeg    + + .        C - +0 leather armour of the Skies Above {Str+2 SInv Stlth-}
rPois   ∞            W - +4 helmet of Mirth {Harm rC+ Will+}
rElec   +            o - +1 cloak
rCorr   .            d - +0 pair of gloves
SInv    +            g - +0 pair of boots
Will    ++...        t - amulet of reflection Stlth
                     K - ring "Ozxonuops" {rC++ Str-5 Int+4 Slay+4}
HPRegen 0.34/turn    z - ring of positive energy
MPRegen 0.09/turn

%: harm (+30% outgoing, +20% incoming), reflection
@: engulfed, flying, studying Staves
A: reduced essence, sickness immunity, AC +11, big wings, negative energy
resistance 1, electricity resistance, torment resistance 1, petrification
resistance
a: Renounce Religion, Recall Ancestor, Ancestor Identity, Transference, Idealise


You were in an ice cave.
You worshipped Hepliaklqana.
Hepliaklqana was exalted by your worship.
You visited 4 branches of the dungeon, and saw 23 of its levels.
You also visited: Ice Cave.

You collected 2499 gold pieces.
You spent 506 gold pieces at shops.

Inventory:

Hand Weapons
 b - the +5 hand crossbow "Ucreat" (weapon) {antimagic, rPois Str+5}
   (You acquired it on level 2 of the Dungeon)

   Str:       It affects your strength (+5).
   rPois:     It protects you from poison.
Missiles
 O - 2 throwing nets
Armour
 d - a +0 pair of gloves (worn)
 g - a +0 pair of boots (worn)
 k - a +0 buckler (worn)
 o - a +1 cloak (worn)
 C - the +0 leather armour of the Skies Above (worn) {Str+2 SInv Stlth-}
   (You found it on level 7 of the Dungeon)

   Str:       It affects your strength (+2).
   SInv:      It lets you see invisible.
   Stlth:     It makes you less stealthy.
 F - +0 acid dragon scales
 W - the +4 helmet of Mirth (worn) {Harm rC+ Will+}
   (You bought it in a shop on level 2 of the Orcish Mines)

   rC:        It protects you from cold.
   Harm:      It increases damage dealt and taken.
   Will:      It increases your willpower.
Jewellery
 t - an amulet of reflection (around neck)
 z - a ring of positive energy (right hand)
 B - a ring of willpower
 K - the ring "Ozxonuops" (left hand) {rC++ Str-5 Int+4 Slay+4}
   (You acquired it on level 2 of the Orcish Mines)

   [ring of slaying]

   Str:       It affects your strength (-5).
   Int:       It affects your intelligence (+4).
   Slay:      It affects your accuracy & damage with ranged weapons and melee
   (+4).
   rC:        It greatly protects you from cold.
 Q - a ring of see invisible
Wands
 c - a wand of mindburst (15)
 i - a wand of polymorph (13)
 u - a wand of flame (86)
 H - a wand of light (14)
 I - a wand of roots (30)
Scrolls
 h - 2 scrolls of brand weapon
 p - 8 scrolls of teleportation
 r - 4 scrolls of enchant armour
 s - 2 scrolls of fear
 v - 4 scrolls of blinking
 w - a scroll of revelation
 x - 5 scrolls of enchant weapon
 A - 4 scrolls of fog {unknown}
 D - 3 scrolls of poison
 M - a scroll of summoning
 P - a scroll of torment {unknown}
 S - 2 scrolls of immolation {unknown}
 V - a scroll of amnesia {unknown}
Potions
 a - 3 potions of heal wounds
 e - 4 potions of enlightenment
 f - 5 potions of attraction
 l - 10 potions of curing
 m - 2 potions of mutation
 n - 7 potions of brilliance
 q - 4 potions of berserk rage
 E - 2 potions of lignification {unknown}
 G - 4 potions of cancellation {unknown}
 J - 2 potions of might
 L - 3 potions of haste {unknown}
 N - a potion of ambrosia {unknown}
 T - a potion of invisibility {unknown}


   Skills:
 * Level 11.9 Fighting
 - Level 18.0 Ranged Weapons
 - Level 10.0 Armour
 - Level 10.0 Dodging
 - Level 1.0 Spellcasting
 - Level 5.1 Hexes
 + Level 1.2 Translocations
 - Level 10.0 Fire Magic


You had 9 spell levels left.
You knew the following spells:

 Your Spells              Type           Power      Damage    Failure   Level
a - Slow                  Hex            76%        N/A       4%          1
b - Inner Flame           Hex/Fire       28%        N/A       4%          3
c - Portal Projectile     Hex/Tloc       24%        N/A       26%         3

Your spell library contained the following spells:

 Spells                   Type           Power      Damage    Failure   Level
 Apportation              Tloc           10%        N/A       19%         1
 Necrotise                Necr           0%         1d4       32%         1
 Sting                    Tmut/Pois      0%         1d3       32%         1
 Summon Small Mammal      Summ           0%         N/A       32%         1
 Cause Fear               Hex            9%         N/A       36%         4
 Poisonous Vapours        Pois/Air       0%         N/A       43%         2
 Static Discharge         Conj/Air       0%         2-2/arc   43%         2
 Mephitic Cloud           Conj/Pois/Air  0%         N/A       67%         3
 Ozocubu's Armour         Ice            0%         N/A       67%         3
 Passage of Golubria      Tloc           5%         N/A       88%         4
 Animate Armour           Summ/Erth      0%         N/A       97%         4
 Olgreb's Toxic Radiance  Pois           0%         N/A       97%         4
 Metabolic Englaciation   Hex/Ice        5%         N/A       97%         5
 Silence                  Hex/Air        5%         N/A       97%         5
 Arcjolt                  Conj/Air       0%         1d10      100%        5
 Iskenderun's Battlesphe  Conj           0%         2d6       100%        5
 Leda's Unmaking          Conj/Erth      0%         9d1       100%        6
 Simulacrum               Ice/Necr       0%         N/A       100%        6
 Haunt                    Necr/Summ      0%         N/A       100%        7
 Spellforged Servitor     Conj/Summ      0%         N/A       100%        7
 Borgnjor's Revivificati  Necr           0%         N/A       100%        8
 Lehudib's Crystal Spear  Conj/Erth      0%         10d2      100%        8
 Death's Door             Necr           0%         N/A       100%        9


Dungeon Overview and Level Annotations

Branches:
Dungeon (15/15)            Temple (1/1) D:6            Lair (5/5) D:11
  Swamp (0/4) Lair:3       Spider (0/4) Lair:2        Slime (0/5) Lair:5
    Orc (2/2) D:10            Elf (0/3) Orc:2        Vaults (0/5) D:13
 Depths (0/4) D:15          IceCv (1/1)

Altars:
Ashenzari
Cheibriados
Dithmenos
Elyvilon
Fedhas
Gozag
Hepliaklqana
Kikubaaqudgha
Makhleb
Nemelex Xobeh
Okawaru
Qazlal
Ru
Sif Muna
Trog
Uskayaw
Vehumet
Wu Jian
Xom
Yredelemnul
Zin
The Shining One

Shops:
D:1 :   D:3 !   D:4 (   D:6 ?   D:9 *   D:13 :!:   D:15 !   Orc:2 =[*(

Annotations:
D:11 3 runed translucent doors, freelancePsychic's ghost, journeyman GnSh
Orc:1 2 runed translucent doors, Yvaitil's ghost, journeyman DsCK


Innate Abilities, Weirdness & Mutations

Your life essence is reduced to manifest your ancestor. (-10% HP)
You are immune to sickness and miasma.
Your stone body is resilient. (AC +11)
You are immune to poison.
Your large and strong wings let you fly.
You resist negative energy. (rN+)
You are resistant to electric shocks. (rElec)
You are resistant to unholy torment.
You are immune to petrification.


Message History

The quicksilver ooze misses you. The quicksilver ooze hits you.
The quicksilver ooze engulfs you!
You block the quicksilver ooze's attack.
You slip free of the ooze engulfing you.
You block the quicksilver ooze's attack.
The quicksilver ooze hits you but does no damage.
The quicksilver ooze hits you. The quicksilver ooze engulfs you!
The quicksilver ooze closely misses you.
The quicksilver ooze attacks as you move away!
The quicksilver ooze closely misses you.
The quicksilver ooze hits you but does no damage.
You slip free of the ooze engulfing you.
You block the large slime creature's attack.
The quicksilver ooze hits you. The quicksilver ooze engulfs you!
The quicksilver ooze completely misses you.
The large slime creature attacks as you move away!
You block the large slime creature's attack.
You slip free of the ooze engulfing you.
The large slime creature attacks as you move away!
The large slime creature hits you!!
* * * LOW HITPOINT WARNING * * *
The quicksilver ooze attacks as you move away!
The quicksilver ooze hits you.
The quicksilver ooze hits you but does no damage.
Two slime creatures merge to form an enormous slime creature.
The quicksilver ooze hits you!
* * * LOW HITPOINT WARNING * * *
The quicksilver ooze barely misses you.
The quicksilver ooze attacks as you move away!
The quicksilver ooze closely misses you.
The quicksilver ooze misses you.
The quicksilver ooze attacks as you move away!
The quicksilver ooze hits you.
You block the quicksilver ooze's attack.
The quicksilver ooze hits you. The quicksilver ooze engulfs you!
The quicksilver ooze hits you but does no damage.
The quicksilver ooze completely misses you.
The quicksilver ooze hits you but does no damage.
The quicksilver ooze hits you!!
You die...

#..# #.....∩∩#
##Z.# #..##...# #
#...# ##.####.##
#. ###..## #..#
### #..##....#
#..#
#.......##..##.##
#...##...#[) #..#
#.. #.Z##=[##..#
#..##.##.@##
#..##.#.JJ#
#...#....##
#...Z.J.##
#.......#
##......#
#.....## ##...##
#####


You could see an enormous slime creature, a large slime creature, a quicksilver
ooze and a glowing shapeshifter simulacrum.

Vanquished Creatures
  An orc warlord (Orc:2)
  Snorg (Lair:4)
  3 vault guards (D:13)
  An ice dragon (D:15)
  3 hydras
  Erica (Orc:1)
  A merfolk avatar (Lair:5)
  3 catoblepae
  3 boulder beetles
  3 centaur warriors (D:13)
  2 two-headed ogres
  A tengu warrior (D:13)
  5 death yaks
  Amaemon (Lair:1)
  A skyshark (Lair:5)
  A skeletal warrior (D:12)
  A sea snake (Lair:5)
  A wizard (D:14)
  3 ugly things
  A wolf spider (Lair:2)
  3 orc knights
  4 deep elf pyromancers
  3 orc sorcerers
  3 cyclopes
  3 manticores
  An elephant (Lair:5)
  2 ice statues (D:15)
  4 black mambas
  3 gargoyles
  An orange demon (Lair:1)
  8 cane toads
  An unseen horror (D:12)
  2 kobold demonologists
  5 rime drakes
  9 komodo dragons
  2 efreet
  2 polar bears
  4 meliai
  4 trolls
  18 blink frogs
  A hornet (D:7)
  4 snapping turtles (Lair:5)
  10 slime creatures
  3 shadows
  A jumping spider (shapeshifter) (D:12)
  Sigmund (D:2)
  A wraith (D:12)
  4 wyverns
  A vampire (D:11)
  4 basilisks
  6 steam dragons
  26 yaks
  7 vampire mosquitoes
  A redback (Lair:2)
  9 wargs (Orc:1)
  2 acid dragons
  15 water moccasins
  3 sky beasts (D:6)
  27 orc warriors
  A black bear (D:4)
  7 ogres
  An ice beast (D:5)
  18 wolves
  7 centaurs
  A lemure (D:9)
  A phantom (D:7)
  3 kobold brigands
  6 bullfrogs
  2 scorpions
  3 gnoll sergeants (D:10)
  A necrophage (D:6)
  Dowan (D:4)
  5 wights
  6 killer bees
  7 howler monkeys
  2 electric eels (Lair:5)
  2 jellies (Lair:1)
  Crazy Yiuf (D:3)
  19 orc priests
  A gnoll bouda (D:5)
  A hound (D:6)
  Jessica (D:3)
  Natasha (thrice) (D:4)
  11 orc wizards
  A sleepcap (D:5)
  4 iguanas
  A hound skeleton (D:6)
  Robin (D:2)
  6 gnolls
  10 adders
  3 shadow imps
  3 ufetubi
  2 worms
  3 dart slugs
  57 orcs
  A bat (D:3)
  A bat zombie (D:14)
  18 endoplasms
  4 giant cockroaches
  18 goblins
  10 hobgoblins
  5 jackals
  13 kobolds
  A quokka (D:1)
  6 ball pythons
  6 frilled lizards
  6 rats
  2 rat zombies (D:14)
  A butterfly (D:6)
539 creatures vanquished.

Vanquished Creatures (collateral kills)
  Gastronok (D:9)
  A quicksilver ooze (IceCv)
  A vault guard (D:13)
  An ice dragon (D:15)
  A two-headed ogre (D:11)
  An orc high priest (Orc:2)
  Nergalle (Orc:2)
  4 skysharks
  2 orc knights (Orc:2)
  Pikel (D:9)
  2 cyclopes
  A guardian serpent (shapeshifter) (D:13)
  A torpor snail (Lair:4)
  2 cane toads
  2 komodo dragons
  A kobold demonologist (D:12)
  A meliai (D:13)
  4 trolls
  A hornet (D:7)
  A wind drake (Lair:5)
  7 blink frogs
  A snapping turtle (Lair:5)
  5 slime creatures
  2 wraiths
  5 yaks
  A basilisk (D:13)
  A vampire mosquito (Lair:3)
  2 wargs (Orc:1)
  2 water moccasins
  5 orc warriors (Orc:2)
  2 ogres
  3 wolves
  A bullfrog (Lair:2)
  A kobold brigand (D:9)
  2 gnoll sergeants
  A killer bee (D:10)
  2 howler monkeys (D:10)
  3 orc priests (Orc:2)
  A jelly (Lair:1)
  3 orc wizards
  2 gnolls (D:10)
  17 orcs
  An endoplasm (Lair:1)
  4 kobolds
104 creatures vanquished.

Vanquished Creatures (others)
  A centaur (D:11)
  9 knights
  An ancestor (D:8)
  An orc (Orc:1)
12 creatures vanquished.

Grand Total: 655 creatures vanquished

Notes
Turn   | Place    | Note
-------+----------+-------------------------------------------
     0 | D:1      | greasedhog the Gargoyle Hexslinger began the quest for the
                  | Orb.
     0 | D:1      | Reached XP level 1. HP: 12/12 MP: 2/2
    51 | D:1      | Reached XP level 2. HP: 16/16 MP: 3/3
   164 | D:1      | Found Zuimm's Book Boutique.
   368 | D:1      | Reached skill level 3 in Ranged Weapons
   386 | D:1      | Reached XP level 3. HP: 21/21 MP: 4/4
  1029 | D:2      | Found a faded altar of an unknown god.
  1043 | D:2      | Reached XP level 4. HP: 24/27 MP: 5/5
  1063 | D:2      | Noticed Sigmund
  1071 | D:2      | Killed Sigmund
  1072 | D:2      | Reached skill level 5 in Ranged Weapons
  1072 | D:2      | Reached XP level 5. HP: 27/32 MP: 4/6
  1101 | D:2      | Noticed Robin
  1135 | D:2      | Reached XP level 6. HP: 22/37 MP: 7/7
  1135 | D:2      | Identified a scroll of acquirement
  1135 | D:2      | Acquired the +5 hand crossbow "Ucreat" {antimagic, rPois
                  | Str+5}
  1143 | D:2      | Killed Robin
  1782 | D:3      | Found Ofeoryal's Distillery.
  1791 | D:3      | Bought 2 potions of curing for 84 gold pieces
  1823 | D:3      | Noticed Jessica
  1824 | D:3      | Killed Jessica
  1860 | D:3      | Found a runed translucent door.
  1861 | D:3      | Noticed Crazy Yiuf
  2328 | D:3      | Killed Crazy Yiuf
  2465 | D:4      | Reached skill level 6 in Ranged Weapons
  2465 | D:4      | Reached XP level 7. HP: 44/44 MP: 2/8
  2485 | D:4      | Noticed Natasha
  2490 | D:4      | Killed Natasha
  2673 | D:4      | Noticed Dowan
  2675 | D:4      | Noticed Duvessa
  2935 | D:4      | Found Qotaniago's Weapon Emporium.
  3140 | D:4      | Reached skill level 5 in Fighting
  3232 | D:4      | Noticed Natasha
  3235 | D:4      | Killed Natasha
  3342 | D:4      | Reached skill level 7 in Ranged Weapons
  3498 | D:4      | Noticed Natasha
  3501 | D:4      | Killed Natasha
  3537 | D:4      | Duvessa changed into Duvessa the wolf
  3537 | D:4      | Noticed Duvessa
  3552 | D:4      | Killed Duvessa the wolf
  3553 | D:4      | Reached skill level 1 in Armour
  3553 | D:4      | Reached XP level 8. HP: 41/49 MP: 3/9
  3559 | D:4      | Killed Dowan
  3604 | D:5      | Entered Level 5 of the Dungeon
  3908 | D:5      | Reached skill level 8 in Ranged Weapons
  4480 | D:6      | Learned a level 3 spell: Inner Flame
  4484 | D:6      | Learned a level 3 spell: Portal Projectile
  4505 | D:6      | Reached skill level 9 in Ranged Weapons
  4547 | D:6      | Reached XP level 9. HP: 54/54 MP: 3/10
  4884 | D:6      | Found a staircase to the Ecumenical Temple.
  4933 | Temple   | Entered the Ecumenical Temple
  4981 | Temple   | Became a worshipper of Hepliaklqana the Forgotten
  5141 | D:6      | Found Uzitoh's Magic Scroll Shoppe.
  5153 | D:6      | Bought a scroll of identify for 26 gold pieces
  5153 | D:6      | Bought a scroll of identify for 26 gold pieces
  5271 | D:6      | Found a burning altar of Makhleb.
  5326 | D:6      | Reached skill level 5 in Armour
  5598 | D:7      | Noticed a hornet
  5608 | D:6      | Reached skill level 10 in Ranged Weapons
  5806 | D:7      | Killed a hornet
  5894 | D:7      | Identified the +0 leather armour of the Skies Above {Str+2
                  | SInv Stlth-}
  5950 | D:7      | Found a stormy altar of Qazlal.
  6211 | D:7      | Reached * piety under Hepliaklqana
  6221 | D:7      | Noticed a hornet
  6224 | D:7      | Killed a hornet
  6686 | D:8      | Reached skill level 11 in Ranged Weapons
  6686 | D:8      | Reached XP level 10. HP: 53/53 MP: 3/11
  6873 | D:8      | Reached skill level 5 in Dodging
  7247 | D:8      | Reached ** piety under Hepliaklqana
  7271 | D:8      | Remembered your ancestor Ahhotep as a knight
  7400 | D:9      | Found Beohof's General Store.
  7400 | D:9      | Found a white marble altar of Elyvilon.
  7404 | D:9      | Bought a potion of might for 52 gold pieces
  7494 | D:9      | Noticed Pikel
  7502 | D:9      | Killed Pikel
  7507 | D:9      | Identified the +2 leather armour "Mihok" {rF+}
  7507 | D:9      | Found a glowing golden altar of the Shining One.
  7512 | D:9      | Found a shimmering altar of Xom.
  7608 | D:9      | Noticed Gastronok
  7617 | D:9      | Killed Gastronok
  7618 | D:9      | Reached skill level 12 in Ranged Weapons
  8733 | D:10     | Entered Level 10 of the Dungeon
  8869 | D:10     | Reached XP level 11. HP: 57/57 MP: 4/12
  8909 | D:10     | Reached skill level 13 in Ranged Weapons
  9101 | D:10     | Reached *** piety under Hepliaklqana
  9351 | D:10     | Found a staircase to the Orcish Mines.
  9650 | D:11     | Noticed a boulder beetle
  9662 | D:11     | Killed a boulder beetle
  9663 | D:11     | Reached skill level 14 in Ranged Weapons
  9835 | D:11     | Found a staircase to the Lair.
  9835 | D:11     | Noticed a cyclops
  9840 | D:11     | Killed a cyclops
  9870 | D:11     | Noticed a cyclops
  9875 | D:11     | Killed a cyclops
  9900 | D:11     | Noticed a two-headed ogre
  9906 | D:11     | Killed a two-headed ogre
 10037 | D:11     | Noticed a two-headed ogre
 10040 | D:11     | Killed a two-headed ogre
 10062 | D:11     | Noticed a boulder beetle
 10067 | D:11     | Noticed a six-headed hydra
 10072 | D:11     | Killed a six-headed hydra
 10073 | D:11     | Reached XP level 12. HP: 56/67 MP: 4/13
 10090 | D:10     | Reached skill level 15 in Ranged Weapons
 10236 | D:11     | Killed a boulder beetle
 10273 | D:11     | Found a shimmering altar of Xom.
 10394 | D:11     | Found a runed translucent gate.
 10394 | D:11     | Found a runed translucent gate.
 10394 | D:11     | Found a runed translucent gate.
 10395 | D:11     | You fall into a shaft and drop 3 floors!
 10464 | D:14     | Reached **** piety under Hepliaklqana
 10608 | D:14     | Found an ancient bone altar of Kikubaaqudgha.
 10652 | D:13     | Noticed a catoblepas
 10661 | D:13     | Killed a catoblepas
 10689 | D:13     | Found Gyhahig's Distillery.
 10820 | D:12     | Noticed a two-headed ogre
 10829 | D:12     | Killed a two-headed ogre
 10831 | D:12     | Reached skill level 16 in Ranged Weapons
 10923 | D:12     | Got Jiphous's Folio of Ashen Bolts
 11037 | D:12     | Reached skill level 10 in Fighting
 11195 | D:12     | Reached XP level 13. HP: 74/74 MP: 4/14
 11269 | D:11     | Noticed freelancePsychic's ghost (journeyman GnSh)
 11311 | Lair:1   | Entered Level 1 of the Lair of Beasts
 11337 | Lair:1   | Reached skill level 1 in Fire Magic
 11401 | Lair:1   | Reached skill level 17 in Ranged Weapons
 11607 | Lair:1   | Noticed Amaemon
 11618 | Lair:1   | Killed Amaemon
 12370 | Lair:2   | Found a hole to the Spider Nest.
 12516 | Lair:2   | Reached ***** piety under Hepliaklqana
 12951 | Lair:3   | Found a staircase to the Swamp.
 13388 | Lair:2   | Reached skill level 18 in Ranged Weapons
 13532 | Lair:2   | HP: 1/74 [death yak (10)]
 13546 | Lair:2   | Reached skill level 5 in Fire Magic
 14076 | Lair:4   | Gained mutation: Your large and strong wings let you fly.
                  | [Gargoyle growth]
 14076 | Lair:4   | Reached XP level 14. HP: 74/79 MP: 5/15
 14370 | Lair:4   | Noticed Snorg
 14377 | Lair:4   | Killed Snorg
 15034 | Lair:5   | Entered Level 5 of the Lair of Beasts
 15034 | Lair:5   | Found a staircase to the Slime Pits.
 15460 | Lair:5   | Reached skill level 5 in Hexes
 15523 | Lair:5   | Reached skill level 10 in Dodging
 15702 | Lair:5   | Identified the +6 rapier "Kugan" {drain, Dex+3 Stlth-}
 16115 | Lair:5   | Identified the orb of Tigaoceg {*channel, Str+2}
 16733 | Orc:1    | Entered Level 1 of the Orcish Mines
 16781 | Orc:1    | Noticed Yvaitil's ghost (journeyman DsCK)
 16784 | Orc:1    | Noticed Erica
 16788 | Orc:1    | Killed Erica
 16868 | Orc:1    | Found a runed translucent door.
 17361 | Orc:1    | Found a runed translucent door.
 17364 | Orc:1    | Noticed a balrug
 17430 | Orc:2    | Entered Level 2 of the Orcish Mines
 17440 | Orc:2    | Reached ****** piety under Hepliaklqana
 17531 | Orc:2    | Noticed Nergalle
 18103 | Orc:2    | Killed Nergalle
 18136 | Orc:2    | Reached XP level 15. HP: 83/83 MP: 5/16
 18330 | Orc:2    | Noticed an orc warlord
 18342 | Orc:2    | Killed an orc warlord
 18539 | Orc:2    | Found Taushreon's Antique Weapon Shoppe.
 18543 | Orc:2    | Found Itaecoxe's Antique Armour Shoppe.
 18552 | Orc:2    | Bought a slimy helmet for 304 gold pieces
 18552 | Orc:2    | Identified the +4 helmet of Mirth {Harm rC+ Will+} (You
                  | bought it in a shop on level 2 of the Orcish Mines)
 18932 | Orc:2    | Found a staircase to the Elven Halls.
 19138 | Orc:2    | Found Juan's General Store.
 19144 | Orc:2    | Bought a scroll of noise for 14 gold pieces
 19145 | Orc:2    | Acquired the ring "Ozxonuops" {rC++ Str-5 Int+4 Slay+4}
 19160 | Orc:2    | Found Qaoxzyd's Jewellery Shoppe.
 19979 | D:13     | Found Biqo's Book Emporium.
 19987 | D:13     | Identified the +1 leather armour of Gaffid {rPois}
 20029 | D:13     | Found a gate to the Vaults.
 20092 | D:13     | Reached skill level 10 in Armour
 20306 | D:13     | Found Omaloec's Book Boutique.
 21286 | D:15     | Entered Level 15 of the Dungeon
 21289 | D:15     | Found Kihipuh's Distillery.
 21334 | D:15     | Found a staircase to the Depths.
 21640 | D:15     | Found a frozen archway.
 21654 | D:15     | Reached skill level 10 in Fire Magic
 21662 | IceCv    | Entered an ice cave
 21707 | IceCv    | Reached skill level 1 in Translocations
 21739 | IceCv    | Demolished by a quicksilver ooze

Illustrated notes

Levels and vault maps discovered:
D:1:      grunt_arrival_crossed_arrows, layout_basic, serial_shops,
          nicolae_shop_just_a_little_nook
D:2:      layout_basic, shapermc_ecumenical_altar_gd, reono_crystal_passage,
          minmay_diced_spiral, uniq_robin, uniq_sigmund
D:3:      layout_loops_ring, serial_shops, shop, serial_bayou_crossing,
          uniq_crazy_yiuf_cottage, uniq_jessica
D:4:      layout_cave_pods, serial_shops, shop, uniq_duvessa, uniq_natasha
D:5:      layout_loops_ring, minmay_fractal_squares_gapless_5
D:6:      layout_loops_corners, makhleb_blood_cavern_becter,
          minmay_temple_entry_butterflies, serial_shops,
          nicolae_shop_window_shopping
D:7:      layout_loops_ring, general_overflow_altar, st_stairs_11
D:8:      layout_basic, minmay_statues_item
D:9:      minmay_goldmine, layout_grid_maze, amcnicky_altar_gilded,
          mainiacjoe_overflow_catwalk_spiral, serial_shops, shop, uniq_pikel,
          uniq_gastronok
D:10:     layout_roguey, kennysheep_orc_monster_closet_entryway
D:11:     layout_roguey, lair_entry_dummy, gammafunk_ghost_necromancy,
          xom_confusion_cloud
D:12:     layout_rooms, gauntlet_entry_generic, minmay_between
D:13:     minmay_general_purpose_star, layout_cave_pools,
          lightli_vaults_fourway_checkpoint, serial_shops, shop,
          nicolae_stop_n_shop_2, nicolae_book_shop_shelving,
          kennysheep_small_spiral
D:14:     layout_roguey, lemuel_zombie_altar_kikubaaqudgha
D:15:     grunt_enter_depths_hoard, layout_rooms, minivault_11,
          portal_ice_cave_entry_ice_statue_two, serial_shops, freezing_bzr,
          shop_statue
Temple:   minmay_crystal_spiral_temple
Lair:1:   lemuel_slime, layout_cave_pods, lemuel_fruit_tree, grunt_megastairs_1,
          uniq_amaemon
Lair:2:   layout_hall_layers, spider_nest_entry_funnel_web, serial_bayou_shore_b
Lair:3:   layout_chaotic_city, minmay_swamp_entry_swarm
Lair:4:   beargit_carnivore_pack, layout_gridlike, uniq_snorg
Lair:5:   gammafunk_lair_ancient_temple, layout_gridlike, slime_entry_1,
          serial_bayou_shore_a, serial_bayou_shore_b
Orc:1:    dreamdust_dug_too_deep, layout_caves, hellmonk_ghost_happy_afterlife,
          nicolae_orc_rockfall, mines5_lemuel, uniq_erica
Orc:2:    grunt_orc_cross, layout_caves
IceCv:    ice_cave_hellmonk_azure_passage

Skill      XL: |  1  2  3  4  5  6  7  8  9 10 11 12 13 14 15 |
---------------+----------------------------------------------+-----
Ranged Weapons | 3 5 6 7 9 11 12 14 16 18 | 18.0
Fighting       | 2 3 4 5 8 10 11 | 11.9
Armour         | 1 4 5 8 10 | 10.0
Dodging        | 4 6 8 10 | 10.0
Fire Magic     | 5 7 10 | 10.0
Hexes          | 3 5 |  5.1
Translocations | 1 |  1.2
Spellcasting   | |  1.0

Action                     |  1- 3 |  4- 6 |  7- 9 | 10-12 | 13-15 || total
---------------------------+-------+-------+-------+-------+-------++-------
  Melee: Unarmed           |       |     2 |       |       |       ||     2
         Hand crossbow     |       |       |       |     2 |       ||     2
   Fire: Sling             |   107 |    18 |       |       |       ||   125
         Hand crossbow     |       |    59 |   231 |   456 |  1040 ||  1786
   Cast: Inner Flame       |       |       |       |       |     4 ||     4
 Invoke: Recall Ancestor   |       |       |     1 |     1 |     2 ||     4
         Ancestor Life: Kn |       |       |       |     1 |       ||     1
  Evoke: Wand              |       |       |     4 |       |     7 ||    11
    Use: Scroll            |       |     3 |     6 |     6 |     5 ||    20
         Potion            |       |       |       |       |     1 ||     1
 Armour: Ring mail         |    12 |    39 |    62 |       |       ||   113
         Robe              |     2 |       |       |       |       ||     2
         Leather armour    |       |       |     3 |    47 |   151 ||   201
  Dodge: Dodged            |    26 |    34 |    64 |    61 |   228 ||   413
  Block: Buckler           |       |     3 |    72 |    73 |   161 ||   309
         Reflection        |       |       |     8 |     8 |    15 ||    31

Table legend: (Time is in decaauts)
 A = Elapsed time spent in this place.
 B = Non-inter-level travel time spent in this place.
 C = Inter-level travel time spent in this place.
 D = Time resting spent in this place.
 E = Time spent auto-exploring this place.
 F = Levels seen in this place.
 G = Mean time per level.
                   A        B        C        D        E       F      G
               +--------+--------+--------+--------+--------+-----+--------+
         Total |  22171 |  20888 |   1283 |   3114 |  13706 |  24 |  923.8 |
       Dungeon |  13921 |  13049 |    872 |   1634 |   8825 |  15 |  928.1 |
        Temple |     96 |      1 |     95 |      0 |      0 |   1 |   96.0 |
          Lair |   5392 |   5155 |    237 |    509 |   3680 |   5 | 1078.4 |
  Orcish Mines |   2682 |   2604 |     78 |    971 |   1184 |   2 | 1341.0 |
      Ice Cave |     78 |     78 |      0 |      0 |     16 |   1 |   78.0 |
               +--------+--------+--------+--------+--------+-----+--------+

Top non-repeatable levels by time:
  Lair:5: 1461 daAuts
     D:9: 1362 daAuts
   Orc:1: 1353 daAuts
   Orc:2: 1328 daAuts
     D:6: 1252 daAuts
     D:4: 1214 daAuts
    D:13: 1127 daAuts
    D:10: 1104 daAuts
  Lair:3: 1008 daAuts
  Lair:4: 1003 daAuts
    D:14: 999 daAuts
  Lair:1: 974 daAuts
  Lair:2: 944 daAuts
     D:3: 908 daAuts
     D:5: 888 daAuts
